 Dungeon Crawl Stone Soup version 0.14-a0-2443-g5aee772 (webtiles) character file.

202 intr the Changer (level 4, 0/32 HPs)
             Began as a Merfolk Transmuter on Feb 6, 2014.
             Killed by nerve-wracking pain
             ... invoked by Grinder
              (5 damage)
             ... while paralysed by Grinder
             ... on Level 3 of the Dungeon.
             The game lasted 00:13:09 (3174 turns).

intr the Changer (Merfolk Transmuter)               Turns: 3174, Time: 00:13:09

HP   0/32        AC  2     Str 10      XL: 4   Next: 65%
MP   7/7         EV  2     Int 13      God:
Gold 107         SH  0     Dex 16      Spells:  2 memorised,  3 levels left

rFire  . . .     SeeInvis .       - Unarmed
rCold  . . .     Clarity  .     q - +0 robe {MR+}
rNeg   . . .     Conserve .     (no shield)
rPois  .         rCorr    .     (no helmet)
rElec  .         rRot     .     (no cloak)
SustAb . .       Spirit   .     (no gloves)
rMut   .         Warding  .     (no boots)
Saprov . . .     Stasis   .     (no amulet)
MR     +....                    (no ring)
                                t - +2 ring of dexterity

@: paralysed, held, somewhat resistant to hostile enchantments, unstealthy
A: change form in water, swift swim
a: no special abilities


You were on level 3 of the Dungeon.
You were not hungry.

You visited 1 branch of the dungeon, and saw 3 of its levels.

You collected 107 gold pieces.

Inventory:

Hand weapons
 o - a +4,+1 dwarven short sword
Missiles
 b - 12 arrows
Armour
 c - a +0 robe
 n - a +0 leather armour
 q - a +0 robe of magic resistance (worn)
Comestibles
 a - a bread ration
 v - a chunk of goblin flesh
 w - a chunk of adder flesh
 x - 2 chunks of goblin flesh
 z - a chunk of adder flesh
Scrolls
 f - a scroll of enchant weapon I {unknown}
 g - a scroll of identify
 i - a scroll of amnesia {unknown}
 j - a scroll of curse weapon {unknown}
 k - 2 scrolls of remove curse {unknown}
 m - a scroll of fear {unknown}
 p - a scroll of enchant weapon II {unknown}
 s - a scroll of fog {unknown}
 u - a scroll of teleportation {unknown}
Jewellery
 t - a +2 ring of dexterity (left hand)
Potions
 e - 3 potions of heal wounds
 h - a potion of might
 l - 2 potions of curing
 r - a potion of restore abilities {unknown}
Books
 d - a book of Changes

   Spells                             Type                      Level
   *Beastly Appendage                 Transmutation                1
   Sticks to Snakes                   Transmutation                2
   *Spider Form                       Transmutation/Poison         3
   Ice Form                           Ice/Transmutation            4
   Blade Hands                        Transmutation                5


   Skills:
 - Level 1.1 Fighting
 - Level 2.6 Dodging
 - Level 4.5 Unarmed Combat
 - Level 2.0 Spellcasting
 + Level 4.9 Transmutations


You had 3 spell levels left.
You knew the following spells:

 Your Spells              Type           Power        Failure   Level  Hunger
a - Beastly Appendage     Trmt           ##....       4%          1    ##.....
b - Spider Form           Trmt/Pois      #.........   34%         3    ####...


Dungeon Overview and Level Annotations

Branches:
Dungeon (3/16)

Altars:

Annotations:
D:3 Grinder, Natasha


Message History

Natasha gestures.
You have a terrible headache.
Grinder gestures at you. Pain shoots through your body!
Grinder gestures.
Grinder blinks!
Natasha mumbles some strange words.
You closely miss Grinder. Grinder gestures at you.
You suddenly lose the ability to move!
The inept staircase mimic hits you. The inept staircase mimic grabs you.
The crimson imp disappears in a puff of smoke!
The iron imp disappears in a puff of smoke!
The crimson imp grins evilly.
Grinder zaps a wand.
The puff of flame hits you! The iron imp hits you.
The inept staircase mimic hits you.
* * * LOW HITPOINT WARNING * * *
Grinder gestures at you. Pain shoots through your body!
You die...

...........(.).... .......
.....##..######.#.# .......
.....##..# #.#.# ......
.....##..######.#.# .....
.....#)....§....#.## ....
.....#....§....5.§.# .
####.#.............#####
#...........>.........
###......5..5@5.#
#.........h..<#######
######.....%...............
...................#######
######..........####
############


You could see Grinder, 2 iron imps, Natasha, a crimson imp and an inept
staircase mimic.

Vanquished Creatures
  Terence (D:2)
  4 adders
  A worm (D:2)
  3 giant geckos
  3 giant cockroaches
  9 goblins
  2 hobgoblins (D:2)
  A quokka (D:2)
  6 bats
  5 kobolds (D:2)
  3 rats
38 creatures vanquished.

Notes
Turn   | Place    | Note
--------------------------------------------------------------
     0 | D:1      | intr, the Merfolk Transmuter, began the quest for the Orb.
     0 | D:1      | Reached XP level 1. HP: 15/15 MP: 3/3
   595 | D:1      | Reached XP level 2. HP: 21/21 MP: 2/4
   599 | D:1      | Reached skill level 4 in Unarmed Combat
  1458 | D:2      | Reached XP level 3. HP: 21/26 MP: 6/6
  1463 | D:2      | Learned a level 3 spell: Spider Form
  1715 | D:2      | Noticed Terence
  2909 | D:2      | Killed Terence
  2909 | D:2      | Reached XP level 4. HP: 30/32 MP: 4/7
  2932 | D:3      | Noticed Grinder
  3152 | D:3      | Noticed Natasha
  3172 | D:3      | Paralysed by Grinder for 6 turns
  3174 | D:3      | Killed from afar by Grinder

Action                   |  1- 3 |  4- 6 || total
-------------------------+-------+-------++-------
Melee: Unarmed           |   138 |    16 ||   154
 Cast: Beastly Appendage |    13 |     2 ||    15
       Spider Form       |     2 |       ||     2
  Use: Scroll            |       |     3 ||     3
 Stab: Sleeping          |       |     1 ||     1
